 Dungeon Crawl Stone Soup version 0.22.1-1-ga44c0e56f4 (webtiles) character file.

44 Freyura the Ducker (level 3, -1/17 HPs)
             Began as a Felid Monk on Sept 28, 2018.
             Slain by a hobgoblin
             ... wielding a +0 club
              (7 damage)
             ... on level 2 of the Dungeon.
             The game lasted 00:06:28 (2024 turns).

Freyura the Ducker (Felid Monk)                     Turns: 2024, Time: 00:06:29

Health: -1/17      AC:  1    Str:  7    XL:     3   Next: 41%
Magic:  4/4        EV: 21    Int: 11    God:
Gold:   75         SH:  0    Dex: 19    Spells: 2/2 levels left
                                        Lives:  0   Deaths: 1

rFire    + . .     SeeInvis +     - Unarmed
rCold    x . .     Gourm    .   (shield unavailable)
rNeg     . . .     Faith    .   (armour unavailable)
rPois    .         Spirit   .   (helmet unavailable)
rElec    .         Reflect  .   (cloak unavailable)
rCorr    .         Harm     .   (gloves unavailable)
MR       .....                  (boots unavailable)
Stlth    +++.......             (no amulet)
HPRegen  0.05/turn              e - ring of fire
MPRegen  0.09/turn              (no ring)

@: quick
A: very small, no armour, no weapons or thrown items, stealth, claws 1, fangs 3,
see invisible, carnivore, speed 1, shaggy fur 1, slow metabolism 1, sharp paws
a: no special abilities


You were on level 2 of the Dungeon.
You were very full.

You visited 1 branch of the dungeon, and saw 2 of its levels.

You collected 75 gold pieces.

Inventory:

Jewellery
 d - an uncursed ring of protection from fire {unknown}
 e - a ring of fire (left paw)
Scrolls
 c - a scroll of enchant weapon {unknown}
Potions
 b - a potion of haste {unknown}
 g - a potion of curing
 h - a potion of might {unknown}
Comestibles
 a - 2 rations


   Skills:
 + Level 3.6 Fighting
 + Level 4.8 Dodging
 + Level 4.0 Stealth
 + Level 3.6 Unarmed Combat


You had 2 spell levels left.
You didn't know any spells.
Your spell library was empty.

Dungeon Overview and Level Annotations

Branches:
Dungeon (2/15)

Altars:
Elyvilon

Annotations:
D:2 Natasha


Innate Abilities, Weirdness & Mutations

You cannot wear armour.
You are incapable of wielding weapons or throwing items.
Your paws allow you to move quietly. (Stealth)
You have sharp claws.
You have razor-sharp teeth.
You have supernaturally acute eyesight. (SInv)
You are carnivorous and can eat meat at any time.
You cover ground quickly.
You are covered in fur. (AC +1)
You have a slow metabolism.
Your sharp claws are effective at attacking unaware monsters.


Message History

The hobgoblin hits you with a club.
You scratch the hobgoblin but do no damage.
The hobgoblin is moderately wounded.
You scratch the hobgoblin but do no damage.
The hobgoblin is moderately wounded.
The hobgoblin hits you with a club.
You scratch the hobgoblin but do no damage.
The hobgoblin is moderately wounded.
The hobgoblin misses you.
You scratch the hobgoblin.
The hobgoblin is severely wounded.
The hobgoblin closely misses you.
You scratch the hobgoblin.
The hobgoblin is almost dead.
The hobgoblin drinks a potion.
The hobgoblin is healed!
You scratch the hobgoblin but do no damage.
The hobgoblin closely misses you.
You barely miss the hobgoblin. Your bite misses the hobgoblin.
The hobgoblin hits you with a club!
You die...

#.# ##### #.
#.# #. #.# #.
####.# #.
#....# #.
#.#### ## #.#
###
#####.####.....
#......@gg.....
#.###.########.
#.# #.# #.# #.#
... .. ### #..


You could see 2 hobgoblins.

Vanquished Creatures
  Natasha (D:2)
  2 adders (D:2)
  An ooze (D:2)
  A worm (D:2)
  A leopard gecko (D:2)
  A ball python (D:2)
  6 bats
  A giant cockroach (D:1)
  5 goblins
  A hobgoblin (D:1)
  4 jackals (D:1)
  A quokka (D:2)
  3 frilled lizards (D:2)
  5 kobolds
  3 rats (D:1)
36 creatures vanquished.

Notes
Turn   | Place    | Note
-------+----------+-------------------------------------------
     0 | D:1      | Freyura the Felid Monk began the quest for the Orb.
     0 | D:1      | Reached XP level 1. HP: 10/10 MP: 2/2
   175 | D:1      | Reached XP level 2. HP: 6/14 MP: 3/3
  1199 | D:2      | Noticed Natasha
  1219 | D:2      | Killed Natasha
  1219 | D:2      | Reached XP level 3. HP: 6/17 MP: 4/4
  1717 | D:2      | Noticed Natasha
  1720 | D:2      | Found a white marble altar of Elyvilon.
  1807 | D:2      | Reached XP level 4. HP: 1/21 MP: 5/5
  1807 | D:2      | Killed from afar by Natasha
  1808 | D:2      | Reached XP level 3. HP: -5/17 MP: 4/4
  2024 | D:2      | Slain by a hobgoblin

Skill      XL: |  1  2  3 |
---------------+----------+-----
Stealth        | 3 4 |  4.0
Fighting       | |  3.6
Dodging        | |  4.8
Unarmed Combat | |  3.6

Action                   |  1- 3 |  4- 6 || total
-------------------------+-------+-------++-------
Melee: Unarmed           |   115 |       ||   115
       Punch             |     3 |       ||     3
       Bite              |     7 |       ||     7
  Use: Scroll            |     3 |       ||     3
 Stab: Sleeping          |     7 |       ||     7
  Eat: Chunk             |    10 |       ||    10
Armor: Skin              |     7 |       ||     7
Dodge: Dodged            |    71 |       ||    71
